 Dungeon Crawl Stone Soup version 0.21.1-1-g345015f (webtiles) character file.

37 Autsider the Shooter (level 3, 0/29 HPs)
             Began as a Centaur Arcane Marksman on Feb 14, 2018.
             Succumbed to an adder's poison
             ... on level 2 of the Dungeon.
             The game lasted 00:03:49 (1476 turns).

Autsider the Shooter (Centaur Arcane Marksman)      Turns: 1476, Time: 00:03:50

Health: 0/29       AC:  4    Str: 12    XL:     3   Next: 23%
Magic:  5/5        EV:  9    Int: 12    God:
Gold:   110        SH:  0    Dex: 10    Spells: 3/4 levels left

rFire    . . .     SeeInvis .   a - +0 shortbow
rCold    . . .     Gourm    .   (shield currently unavailable)
rNeg     . . .     Faith    .   e - +0 robe
rPois    .         Spirit   .   (no helmet)
rElec    .         Reflect  .   (no cloak)
rCorr    .         Harm     .   (no gloves)
MR       .....                  (no barding)
Stlth    +.........             (no amulet)
HPRegen  0.09/turn              (no ring)
MPRegen  0.09/turn              (no ring)

@: lethally poisoned (0 -> -2), very quick
A: large, hooves 3, deformed body, speed 2, tough skin 3
a: no special abilities


You were on level 2 of the Dungeon.
You were hungry.

You visited 1 branch of the dungeon, and saw 2 of its levels.

You collected 110 gold pieces.

Inventory:

Hand Weapons
 a - a +0 shortbow (weapon)
Missiles
 j - 2 needles of sleeping
 o - 21 stones (quivered)
Armour
 e - a +0 robe (worn)
Scrolls
 b - a scroll of noise {unknown}
 g - a scroll of remove curse {unknown}
 h - a scroll of enchant weapon {unknown}
 k - 3 scrolls of fear {unknown}
 n - a scroll of identify {unknown}
Potions
 i - a potion of brilliance {unknown}
 l - a potion of haste {unknown}
Books
 c - a book of Debilitation

   Spells                             Type                      Level
   a - Corona                         Hexes                        1
   b - Slow                           Hexes                        2
   c - Inner Flame                    Hexes/Fire                   3
   d - Portal Projectile              Hexes/Translocation          3
   e - Cause Fear                     Hexes                        4
   f - Leda's Liquefaction            Hexes/Earth                  4
Comestibles
 f - 5 rations


   Skills:
 + Level 1.7 Fighting
 + Level 3.3 Bows
 - Level 1.3 Dodging
 + Level 1.4 Spellcasting
 + Level 3.0 Hexes


You had 3 spell levels left.
You knew the following spells:

 Your Spells              Type           Power        Failure   Level  Hunger
a - Corona                Hex            #......      9%          1    ##.....


Dungeon Overview and Level Annotations

Branches:
Dungeon (2/15)

Altars:


Innate Abilities, Weirdness & Mutations

You have hooves in place of feet.
Armour fits poorly on your strangely shaped body.
You cover ground very quickly.
You have extremely tough skin. (AC +3)


Message History

* * * LOW HITPOINT WARNING * * *
You feel sick.
* * * LOW HITPOINT WARNING * * *
You feel sick.
* * * LOW HITPOINT WARNING * * *
You feel sick.
* * * LOW HITPOINT WARNING * * *
You feel sick.
You are feeling hungry.
* * * LOW HITPOINT WARNING * * *
You feel sick.
There is an open door here.
* * * LOW HITPOINT WARNING * * *
You feel sick.
There is an open door here.
* * * LOW HITPOINT WARNING * * *
You feel sick.
* * * LOW HITPOINT WARNING * * *
You feel sick.
You die...

...............#....#.#..........
#.#.#.###....#.#....#.#..........
#.#..........#......#.#..........
..# #.####...#...####.#..........
..# #........#...# #.#..........
..# #.####...#...# #.#.....#####
..# #.# #...#.#.# #.##...##
..#.#.# #..#..#.# #.##...#
..#.#.####.....#@## #.##...#
..#............#..# #.###### ##
..###.######.#.#..# #......# #.
...............#S.###......# #.
.###.#######.###...##......# #.
.# #... ..# #.#.##.###### #. .#
#.##.# ..# #.#.##.##########. .#
#.# # #..# #.#.##.##......... .#
#.# #..# #.#..#.##.........


You could see an adder.

Vanquished Creatures
  An adder (D:2)
  A leopard gecko (D:1)
  An orc (D:2)
  2 goblins (D:1)
  6 jackals (D:2)
  A ball python (D:2)
  2 bats (D:2)
  A frilled lizard (D:1)
  7 kobolds
  2 rats
24 creatures vanquished.

Notes
Turn   | Place    | Note
-------+----------+-------------------------------------------
     0 | D:1      | Autsider the Centaur Arcane Marksman began the quest for the Orb.
     0 | D:1      | Reached XP level 1. HP: 16/16 MP: 2/2
   499 | D:1      | Reached XP level 2. HP: 23/23 MP: 3/3
  1147 | D:2      | Reached XP level 3. HP: 28/29 MP: 3/5
  1470 | D:2      | HP: 1/29 [poisoned by an adder]
  1476 | D:2      | Succumbed to an adder's poison

Skill      XL: |  1  2 |
---------------+-------+-----
Bows           | 3 |  3.3
Hexes          | 3 |  3.0
Fighting       | |  1.7
Dodging        | |  1.3
Spellcasting   | |  1.4

Action                   || total
-------------------------++-------
 Fire: Shortbow          ||   100
Throw: Stone             ||     6
Armor: Robe              ||    29
Dodge: Dodged            ||    27
